 Dungeon Crawl Stone Soup version 0.28-a0-1510-gd0f6b136d3 (webtiles) character file.

Game seed: 5674900569512463455

115 Hasart the Insei (level 5, -2/33 HPs)
             Began as an Octopode Transmuter on Jan 14, 2022.
             Slain by an adder (3 damage)
             ... on level 3 of the Dungeon.
             The game lasted 00:05:21 (3226 turns).

Hasart the Insei (Octopode Transmuter)              Turns: 3226, Time: 00:05:22

Health: -2/33      AC:  1    Str: 15    XL:     5   Next: 0%
Magic:  8/8        EV: 13    Int: 17    God:
Gold:   112        SH:  0    Dex: 13    Spells: 3/9 levels left

rFire   . . .      SeeInvis .     - Unarmed
rCold   . . .      Faith    .   (no shield)
rNeg    . . .      Spirit   .   (helmet restricted)
rPois   .          Reflect  .   (no amulet)
rElec   .          Harm     .   e - +6 ring of strength
rCorr   +          Rampage  .   d - ring of resist corrosion
Will    .....                   (no ring)
Stlth   ++........              (no ring)
HPRegen 0.11/turn               (no ring)
MPRegen 0.11/turn               (no ring)
                                (no ring)
                                (no ring)

@: lethally poisoned (-2 -> -3), invisible
A: almost no armour, amphibious, 8 rings, camouflage 1, gelatinous body 1,
(nimble swimmer 1), tentacles
a: no special abilities


You were on level 3 of the Dungeon.
You visited 1 branch of the dungeon, and saw 3 of its levels.

You collected 112 gold pieces.

Inventory:

Missiles
 c - 4 poisoned darts (quivered)
Jewellery
 d - a ring of resist corrosion (right tentacle)
 e - a +6 ring of strength (left tentacle)
Scrolls
 a - a scroll of silence {unknown}
 b - a scroll of holy word {unknown}
 g - a scroll of teleportation {unknown}


   Skills:
 - Level 1.0 Fighting
 + Level 1.1 Throwing
 - Level 2.0 Dodging
 + Level 3.6 Unarmed Combat
 + Level 2.5 Spellcasting
 * Level 3.4 Transmutations
 + Level 1.3 Poison Magic


You had 3 spell levels left.
You knew the following spells:

 Your Spells              Type           Power      Damage    Failure   Level
a - Beastly Appendage     Tmut           28%        N/A       4%          1
b - Wereblood             Tmut           14%        N/A       7%          2
c - Spider Form           Tmut/Pois      10%        N/A       21%         3

Your spell library contained the following spells:

 Spells                   Type           Power      Damage    Failure   Level
 Magic Dart               Conj           8%         1d3       19%         1
 Call Imp                 Summ           2%         N/A       28%         2
 Mephitic Cloud           Conj/Pois/Air  3%         N/A       41%         3
 Ice Form                 Ice/Tmut       8%         N/A       65%         4
 Summon Ice Beast         Ice/Summ       2%         N/A       88%         4
 Summon Mana Viper        Hex/Summ       2%         N/A       99%         5
 Monstrous Menagerie      Summ           1%         N/A       100%        7


Dungeon Overview and Level Annotations

Branches:
Dungeon (3/15)

Altars:


Innate Abilities, Weirdness & Mutations

You cannot wear most types of armour.
You are amphibious.
You can wear up to eight rings at the same time.
Your skin changes colour to match your surroundings (Stealth+).
Your rubbery body absorbs attacks. (AC +1, EV +1)
((You are camouflaged when in or above water. (Stealth+)))
You have tentacles for arms and can constrict up to eight enemies at once.


Message History

The orc is heavily wounded.
You constrict the orc, but do no damage.
The hobgoblin hits you but does no damage.
The orc hits you with a +0 flail!
You are too injured to fight recklessly!
You tentacle-slap the orc but do no damage.
You squeeze the orc.
You kill the orc!
The hobgoblin closely misses you.
You tentacle-slap the hobgoblin but do no damage.
You grab the hobgoblin. You squeeze the hobgoblin.
The hobgoblin is severely wounded.
You constrict the hobgoblin.
You kill the hobgoblin!
You have reached level 5!
You feel agile.
Items here: ( ) ? [ †.
The adder hisses angrily.
You closely miss the rat. Your grab misses the rat.
Your squeeze misses the rat. The adder bites you but does no damage.
The rat bites you.
You closely miss the adder. Your grab misses the adder.
The adder barely misses you. The rat completely misses you.
The adder bites you.
* * * LOW HITPOINT WARNING * * *
You are poisoned.
The adder poisons you!
Unknown command.
It was a potion of invisibility.
You fade into invisibility!
You feel sick. The rat completely misses you. The adder barely misses you.
Unknown command.
You feel sick.
Items here: ( ) ? [ †.
You feel sick.
You barely miss the adder. You grab the adder. You constrict the adder.
You feel sick. The adder bites you.
* * * LOW HITPOINT WARNING * * *
The adder bites you.
You die...

...............
.............#
.............#
.............#
.......$.....#
.............#
..........r..#
.........#S?##
.........##@##
.........##..#
.........###.#
......?..# #.##
.........###..###
...........)....#
....####...# # ##
##..# .# #..##.##


You could see an adder and a rat.

Vanquished Creatures
  An iguana (D:2)
  2 adders (D:2)
  3 worms
  2 dart slugs (D:2)
  An orc (D:3)
  8 ball pythons
  2 endoplasms
  A giant cockroach (D:1)
  3 goblins
  7 hobgoblins
  2 jackals (D:2)
  4 kobolds
  7 quokkas
  3 bats
  4 frilled lizards
  7 rats
57 creatures vanquished.

Notes
Turn   | Place    | Note
-------+----------+-------------------------------------------
     0 | D:1      | Hasart the Octopode Transmuter began the quest for the Orb.
     0 | D:1      | Reached XP level 1. HP: 13/13 MP: 3/3
   144 | D:1      | Reached XP level 2. HP: 9/18 MP: 5/5
   147 | D:1      | Learned a level 2 spell: Wereblood
  1139 | D:1      | Reached XP level 3. HP: 16/23 MP: 6/6
  1145 | D:1      | Learned a level 3 spell: Spider Form
  1755 | D:2      | Found a faded altar of an unknown god.
  2008 | D:2      | Reached XP level 4. HP: 28/28 MP: 7/7
  2088 | D:2      | Reached skill level 1 in Throwing
  2088 | D:2      | Reached skill level 1 in Poison Magic
  3219 | D:3      | Reached XP level 5. HP: 16/33 MP: 8/8
  3226 | D:3      | HP: 1/33 [adder (3)]
  3226 | D:3      | Slain by an adder

Illustrated notes

Levels and vault maps discovered:
D:1:      psy_arrival_terrarium, layout_loops_cross, minmay_door_square
D:2:      layout_basic, hellmonk_ecumenical_altar_heavens_door
D:3:      layout_basic

Skill      XL: |  1  2  3  4 |
---------------+-------------+-----
Transmutations | 3 |  3.4
Throwing       | 1 |  1.1
Poison Magic   | 1 |  1.3
Fighting       | |  1.0
Dodging        | |  2.0
Unarmed Combat | |  3.6
Spellcasting   | |  2.5

Action                   |  1- 3 |  4- 6 || total
-------------------------+-------+-------++-------
Melee: Unarmed           |   100 |    50 ||   150
       Constrict         |    25 |    14 ||    39
       Tentacles         |    21 |    11 ||    32
       Punch             |     5 |     1 ||     6
       Kick              |     6 |     6 ||    12
 Cast: Beastly Appendage |     3 |     3 ||     6
  Use: Potion            |       |     1 ||     1
 Stab: Sleeping          |     8 |     4 ||    12
Armor: Skin              |     8 |     6 ||    14
Dodge: Dodged            |    57 |    29 ||    86

Table legend: (Time is in decaauts)
 A = Elapsed time spent in this place.
 B = Non-inter-level travel time spent in this place.
 C = Inter-level travel time spent in this place.
 D = Time resting spent in this place.
 E = Time spent auto-exploring this place.
 F = Levels seen in this place.
 G = Mean time per level.
                   A        B        C        D        E       F      G
               +--------+--------+--------+--------+--------+-----+--------+
         Total |   3216 |   3139 |     77 |    223 |   2451 |   3 | 1072.0 |
       Dungeon |   3216 |   3139 |     77 |    223 |   2451 |   3 | 1072.0 |
               +--------+--------+--------+--------+--------+-----+--------+

Top non-repeatable levels by time:
     D:2: 1607 daAuts
     D:1: 1420 daAuts
     D:3: 187 daAuts
